Unix NetHack Version 5.0.0-0 post-release - last build Jun 10 2026 00:39:30 (3ee93aec679c4c4259841fe613dc97188e26a321,branch:main).

Game began 2026-06-27 20:13:49, ended 2026-06-27 20:22:16.

Felix1, neutral male human Archeologist

        #
   -----.--|-
   |........|                          -----
   |........|     ----------------     |...|      ----------------
   |........|  ###................     |...|     #...............|
   |.........###  |..............|     -...|     #|..............|
   |........|     ...............|     |...|    ##|....).........|
   -.--------     |...<..........|     |...|    # ----|-.---------
    #             ---+------------     |...|    #     ###
    #                                  -|---    #      #
    #                           ##      ##      #      #
    #                           #        ##    ##      #
   #h                           #         #    #     ###
   @      ##        ##       ####   ##    )   ##     #
   #    ###        -.---- ##############--|---#    --|-----------
  -.----#  ########-.....#####         #|....|#   #.............|
  |....|# ##       |....|##            #|....|#    |............|
  |.....###        |....-#             #-....-#    |............|
  |..>.|           ------               ------     |............|
  ------                                           --------------

Felix1 the Field Worker    St:3 Dx:9 Co:14 In:15 Wi:16 Ch:9  Neutral
Dlvl:2  $:928 HP:0(18) Pw:17(17) AC:9  Xp:3 T:998  Burdened

Latest messages:
 You hear a door open.
 The door opens.
 You miss the goblin.
 You kill the goblin!
 There is a goblin corpse here; eat it? [ynq] (n) y
 This goblin corpse tastes okay.
 You finish eating the goblin corpse.
 Drink from the fountain? [yn] (n) y
 You spot a gem in the sparkling waters!
 You have a little trouble lifting p - a yellow gem.
 Drink from the fountain? [yn] (n) y
 This tepid water is tasteless.
 The fountain dries up!
 What do you want to rub on the stone? [$np or ?*] n
 n - a garnet stone.
 What do you want to rub on the stone? [$p or ?*] p
 p - a worthless piece of yellow glass.
 In what direction? <esc>
 Never mind.
 You hear the footsteps of a guard on patrol.
 You see here a crude dagger.
 You miss the newt.
 You kill the newt!
 What do you want to wield? [- ae or ?*] e
 e - a +0 pick-axe (weapon in right hand).
 a - a +2 bullwhip (alternate weapon; not wielded).
 There is a newt corpse here; eat it? [ynq] (n) y
 This newt corpse is stringy.
 You finish eating the newt corpse.
 You feel a mild buzz.
 What do you want to wield? [- ae or ?*] a
 a - a +2 bullwhip (weapon in right hand).
 e - a +0 pick-axe (alternate weapon; not wielded).
 You see here a topaz ring.
 The hobbit swings her sling.
 The hobbit hits!
 You miss the hobbit.
 The hobbit swings her sling.
 The hobbit hits!
 You miss the hobbit.
 The hobbit swings her sling.
 The hobbit hits!
 You miss the hobbit.
 The hobbit swings her sling.
 The hobbit hits!
 You miss the hobbit.
 The hobbit swings her sling.
 The hobbit hits!
 You die...
 Do you want your possessions identified? [ynq] (y) q

Inventory:
 Coins    ('$')
  $ - 928 gold pieces
 Weapons  (')')
  a - a +2 bullwhip (weapon in right hand)
 Armor    ('[')
  c - an uncursed +0 fedora (being worn)
  b - a blessed +0 leather jacket (being worn)
 Comestibles  ('%')
  o - an uncursed candy bar labeled "Wonka Bar"
  d - 5 uncursed food rations
  j - 2 uncursed tripe rations
 Spellbooks  ('+')
  l - an uncursed spellbook of polymorph
 Potions  ('!')
  k - a blessed potion of confusion
  m - an uncursed potion of invisibility
 Tools    ('(')
  h - an empty uncursed sack
  i - a magic marker (0:21)
  e - a +0 pick-axe (alternate weapon; not wielded)
  f - a tinning kit (0:91)
 Gems/Stones  ('*')
  n - an uncursed garnet stone
  p - an uncursed worthless piece of yellow glass
  g - an uncursed touchstone

Felix1 the Archeologist's attributes:

Background:
 You were a Field Worker, a level 3 male human Archeologist.
 You were neutral, on a mission for Camaxtli
 who was opposed by Quetzalcoatl (lawful) and Huhetotl (chaotic).
 You were right-handed.
 You were in the Dungeons of Doom, on level 2.
 You entered the dungeon 998 turns ago.
 You had 54 experience points, 26 more were needed to attain level 4.

Basics:
 You had 0 out of 18 hit points.
 You had all 17 energy points (spell power).
 Your armor class was 9.
 Your wallet contained 928 zorkmids.
 Autopickup was off.

Final Characteristics:
 Your strength was 3 (peak:12, limit:18/100).
 Your dexterity was 9 (limit:18).
 Your constitution was 14 (limit:18).
 Your intelligence was 15 (limit:18).
 Your wisdom was 16 (limit:18).
 Your charisma was 9 (limit:18).

Final Status:
 You weren't hungry.
 You were burdened; movement was slightly slowed.
 You were wielding a whip.
 You had basic skill with whip.

Final Attributes:
 You were fervently aligned.
 You had automatic searching.
 You were lucky.
 You are dead.

Miscellaneous:
 You didn't encounter any bones levels.
 Total elapsed playing time was 8 minutes and 26 seconds.

Major events:
 Turn
    1: Felix1 the neutral male human Archeologist entered the dungeon
  629: attained the rank of Field Worker (level 3)
  998: killed by a hobbit

You didn't know any spells.

Skills:
 Fighting Skills
   bare handed combat [Unskilled]
   two weapon combat  [Unskilled]
   riding             [Unskilled]
 Weapon Skills
   dagger             [Unskilled]
   knife              [Unskilled]
   pick-axe           [Basic]
   short sword        [Unskilled]
   saber              [Unskilled]
   club               [Unskilled]
   quarterstaff       [Unskilled]
   sling              [Unskilled]
   dart               [Unskilled]
   boomerang          [Unskilled]
   whip               [Basic]
   unicorn horn       [Unskilled]
 Spellcasting Skills
   attack spells      [Unskilled]
   healing spells     [Unskilled]
   divination spells  [Unskilled]
   matter spells      [Unskilled]

Voluntary challenges:
 Character rerolling was not enabled.
 You were an atheist.
 You were illiterate.
 You never genocided any monsters.
 You never polymorphed an object.
 You never changed form.
 You used no wishes.
Achievement:
 You attained the rank of Field Worker.

 The Dungeons of Doom: levels 1 to 2
    Level 1:
    Level 2: <- You were here.
       Final resting place for
          you, killed by a hobbit.


Vanquished creatures:
  a shrieker
  a large kobold
  a brown mold
  a jackal
  2 foxes
  3 goblins
  a grid bug
  3 lichens
  a kobold zombie
  4 newts
18 creatures vanquished.

No species were genocided or became extinct.

Game over:
                       ----------
                      /          \
                     /    REST    \
                    /      IN      \
                   /     PEACE      \
                  /                  \
                  |      Felix1      |
                  |      928 Au      |
                  |   killed by a    |
                  |      hobbit      |
                  |                  |
                  |                  |
                  |       2026       |
                 *|     *  *  *      | *
        _________)/\\_//(\/(/\)/\//\/|_)_______

Goodbye Felix1 the Archeologist...

You died in The Dungeons of Doom on dungeon level 2 with 1102 points,
and 928 pieces of gold, after 998 moves.
You were level 3 with a maximum of 18 hit points when you died.

